 Dungeon Crawl Stone Soup version 0.22-a0-406-g9ff8d77 (webtiles) character file.

64035 dstrtnsr the Pandemonic (level 14, -2/132 HPs)
             Began as a Deep Dwarf Fighter on May 8, 2018.
             Was a High Priest of Makhleb.
             Slain by the 27-headed Lernaean hydra (6 damage)
             ... on level 4 of the Swamp.
             The game lasted 00:28:09 (13716 turns).

dstrtnsr the Pandemonic (Deep Dwarf Fighter)       Turns: 13716, Time: 00:28:09

Health: -2/132     AC: 23    Str: 29    XL:     14   Next: 70%
Magic:  15/15      EV: 12    Int:  9    God:    Makhleb [*****.]
Gold:   1242       SH:  0    Dex: 17    Spells: 13/13 levels left

rFire    + . .     SeeInvis +   a - +4 war axe (freeze)
rCold    + . .     Gourm    .   O - +0 shield
rNeg     + . .     Faith    .   L - +0 plate armour {rF+}
rPois    .         Spirit   .   l - +2 hat {SInv}
rElec    .         Reflect  .   (no cloak)
rCorr    .         Harm     .   s - +2 pair of gloves
MR       ++...                  n - +1 pair of boots of Faxzufok {Stlth+}
Stlth    ..........             (no amulet)
HPRegen  0.00/turn              c - ring of protection from cold
MPRegen  0.14/turn              P - +4 ring of strength

@: confused, agile, lethally poisoned (-2 -> -2), berserk cooldown,
non-regenerating, slowed, very slow
A: damage resistance, heal wounds, negative energy resistance 1, sense
surroundings 2, no regeneration
a: Heal Wounds, Minor Destruction, Lesser Servant of Makhleb, Major Destruction,
Greater Servant of Makhleb, Renounce Religion


You were on level 4 of the Swamp.
You worshipped Makhleb.
Makhleb was extremely pleased with you.
You were hungry.

You visited 5 branches of the dungeon, and saw 25 of its levels.

You collected 1384 gold pieces.
You spent 142 gold pieces at shops.

Inventory:

Hand Weapons
 a - a +4 war axe of freezing (weapon)
 w - a +2 hand axe of flaming
 y - a +0 war axe
Armour
 l - a +2 hat of see invisible (worn)
 n - the +1 pair of boots of Faxzufok (worn) {Stlth+}
   (You found it on level 4 of the Dungeon)

   It makes you more stealthy.
 s - a +2 pair of gloves (worn)
 L - a +0 plate armour of fire resistance (worn)
 O - a +0 shield (worn)
Jewellery
 c - a ring of protection from cold (left hand)
 P - a +4 ring of strength (right hand)
Wands
 x - a wand of scattershot (15)
 C - a wand of acid (6)
 E - a wand of enslavement (18)
 I - a wand of iceblast (25)
 M - a wand of polymorph (27)
 V - a wand of digging (30)
Scrolls
 e - a scroll of fog
 j - 7 scrolls of remove curse {@r2}
 k - 5 scrolls of teleportation {!d}
 B - a scroll of fear
 D - a scroll of vulnerability
 G - a scroll of blinking
 N - a scroll of summoning
Potions
 d - 2 potions of might
 f - 6 potions of heal wounds
 g - 2 potions of cancellation
 h - a potion of ambrosia
 m - 2 potions of flight
 o - 2 potions of mutation
 p - 2 potions of resistance
 q - 2 potions of lignification
 t - 2 potions of brilliance
 u - 2 potions of agility
 A - a potion of haste
 J - 2 potions of magic
Miscellaneous
 K - a phial of floods (inert)
Comestibles
 b - 27 rations {!d}


   Skills:
 + Level 10.0 Fighting
 * Level 15.3 Axes
 + Level 11.7 Armour
 + Level 11.7 Shields
 * Level 16.1 Invocations


You had 13 spell levels left.
You didn't know any spells.

Dungeon Overview and Level Annotations

Branches:
Dungeon (13/15)            Temple (1/1) D:6            Lair (6/6) D:11
  Swamp (4/4) Lair:3       Spider (0/4) Lair:2        Slime (1/5) Lair:5
    Orc (0/2) D:9
 Vaults: D:13-14

Altars:
Ashenzari
Cheibriados
Dithmenos
Elyvilon
Fedhas
Gozag
Hepliaklqana
Kikubaaqudgha
Makhleb
Nemelex Xobeh
Okawaru
Qazlal
Ru
Sif Muna
Trog
Uskayaw
Vehumet
Wu Jian
Xom
Yredelemnul
Zin
The Shining One
Jiyva
Lugonu

Shops:
D:9 ([

Portals:
Labyrinth: Lair:1

Annotations:
D:4 VDreamerV's ghost, novice FoBe
D:11 1 exclusion
Lair:2 exclusion: oklob plant
Lair:5 exclusion: black mamba
Swamp:4 Lernaean hydra


Innate Abilities, Weirdness & Mutations

You are resistant to damage.
You can heal yourself by infusing magical energy.
You resist negative energy. (rN+)
You passively map the area around you.
You do not regenerate.


Message History

The vampire mosquito bites you but does no damage.
The swamp drake breathes noxious fumes at you.
The noxious blast engulfs the swamp dragon.
The swamp dragon appears unharmed.
The swamp dragon bites you but does no damage.
The swamp dragon claws you but does no damage.
The swamp dragon barely misses you.
The 27-headed Lernaean hydra bites you. x2
* * * LOW HITPOINT WARNING * * *
The 27-headed Lernaean hydra bites you but does no damage.
The 27-headed Lernaean hydra completely misses you.
The 27-headed Lernaean hydra bites you but does no damage. x4
The 27-headed Lernaean hydra bites you.
* * * LOW HITPOINT WARNING * * *
The 27-headed Lernaean hydra bites you but does no damage.
The 27-headed Lernaean hydra barely misses you. x2
The 27-headed Lernaean hydra bites you but does no damage. x4
The 27-headed Lernaean hydra bites you.
* * * LOW HITPOINT WARNING * * *
The 27-headed Lernaean hydra bites you but does no damage. x3
The 27-headed Lernaean hydra bites you.
* * * LOW HITPOINT WARNING * * *
The 27-headed Lernaean hydra bites you. x2
* * * LOW HITPOINT WARNING * * *
The 27-headed Lernaean hydra bites you.
* * * LOW HITPOINT WARNING * * *
The 27-headed Lernaean hydra closely misses you.
The 27-headed Lernaean hydra bites you.
* * * LOW HITPOINT WARNING * * *
The 27-headed Lernaean hydra bites you but does no damage.
You feel agile all of a sudden.
You are engulfed in noxious fumes.
The vampire mosquito bites you. The vampire mosquito barely misses you.
The bog body hits you but does no damage.
The bog body closely misses you.
The swamp dragon breathes poison at you.
The blast of poison misses you. The 27-headed Lernaean hydra bites you.
* * * LOW HITPOINT WARNING * * *
The 27-headed Lernaean hydra bites you. The 27-headed Lernaean hydra bites you!
* * * LOW HITPOINT WARNING * * *
The 27-headed Lernaean hydra bites you but does no damage. x3
The 27-headed Lernaean hydra barely misses you.
The 27-headed Lernaean hydra bites you but does no damage.
The 27-headed Lernaean hydra bites you.
The 27-headed Lernaean hydra closely misses you.
The 27-headed Lernaean hydra bites you but does no damage. x2
The 27-headed Lernaean hydra bites you.
* * * LOW HITPOINT WARNING * * *
The 27-headed Lernaean hydra bites you but does no damage. x2
The 27-headed Lernaean hydra bites you.
The 27-headed Lernaean hydra closely misses you.
The 27-headed Lernaean hydra bites you but does no damage.
The 27-headed Lernaean hydra bites you.
* * * LOW HITPOINT WARNING * * *
The 27-headed Lernaean hydra bites you!
* * * LOW HITPOINT WARNING * * *
The 27-headed Lernaean hydra bites you but does no damage. x4
The 27-headed Lernaean hydra bites you.
* * * LOW HITPOINT WARNING * * *
The 27-headed Lernaean hydra bites you but does no damage. x2
The vampire mosquito barely misses you. The bog body barely misses you.
The bog body touches you but does no damage.
You hear a deafening roar!
You hear a croak.
You hear a roar!
A lindwurm comes into view.
Unknown command.
Unknown command.
Unknown command.
Unknown command.
Unknown command.
You're too confused!
You feel much better.
The vampire mosquito bites you but does no damage.
The swamp dragon bites you.
* * * LOW HITPOINT WARNING * * *
The swamp dragon claws you but does no damage.
The swamp dragon closely misses you. The vampire mosquito barely misses you.
The 27-headed Lernaean hydra bites you but does no damage. x2
The 27-headed Lernaean hydra bites you.
* * * LOW HITPOINT WARNING * * *
The 27-headed Lernaean hydra bites you but does no damage. x2
The 27-headed Lernaean hydra bites you!
* * * LOW HITPOINT WARNING * * *
The 27-headed Lernaean hydra bites you. The 27-headed Lernaean hydra bites you!
* * * LOW HITPOINT WARNING * * *
The 27-headed Lernaean hydra bites you but does no damage.
The 27-headed Lernaean hydra bites you!
* * * LOW HITPOINT WARNING * * *
The 27-headed Lernaean hydra bites you but does no damage. x2
The 27-headed Lernaean hydra bites you.
* * * LOW HITPOINT WARNING * * *
The 27-headed Lernaean hydra bites you but does no damage.
The 27-headed Lernaean hydra barely misses you.
The 27-headed Lernaean hydra bites you. x2
The 27-headed Lernaean hydra bites you but does no damage. x3
The 27-headed Lernaean hydra bites you.
* * * LOW HITPOINT WARNING * * *
The 27-headed Lernaean hydra bites you but does no damage. x3
The 27-headed Lernaean hydra bites you.
The 27-headed Lernaean hydra bites you but does no damage.
The 27-headed Lernaean hydra bites you!
You die...

≈ .≈. , ,, ≈ , ,≈, ≈ ,, .≈k♣ ≈ ≈
* * ,≈ , ≈≈≈D≈♣ ≈ ,≈≈ * * , ≈k≈.#
, ** ♣≈ ≈ ♣wD≈#* ** ♣≈≈ *
♣..y§###♣♣♣ ♣♣≈.≈ ≈≈≈≈.♣≈♣ **
♣kDD♣#≈♣♣♣≈≈.≈≈, ≈≈≈≈.≈..♣♣♣
♣♣yk≈k.≈♣§≈≈.≈≈ , ≈≈≈≈.≈≈≈§≈♣♣♣
♣@D♣♣♣.§≈≈§≈≈≈≈
≈≈≈≈≈.≈≈≈...♣♣knD♣♣♣♣§§§♣♣§§D.♣ ,
..≈≈...≈§..§§§D≈♣♣♣♣.5.§♣♣♣♣♣≈♣♣♣
..≈≈≈≈≈≈≈..§§§♣♣ ♣≈≈≈≈..♣≈♣♣.≈♣.
≈≈≈≈≈≈≈≈≈≈.§§♣ ♣♣♣≈≈≈≈....♣≈≈≈≈≈
.≈≈≈≈≈≈≈≈≈≈.♣♣♣♣.....≈..≈.♣♣≈≈≈.≈
≈.4.≈≈≈≈≈≈≈.♣.≈♣.≈....♣♣....≈≈≈.♣
≈≈.44≈≈≈≈≈≈.≈..♣♣..≈≈≈≈..≈..≈≈≈.≈
.≈≈≈.4≈≈4...≈≈≈.≈♣♣♣♣≈≈≈♣≈..≈≈≈.≈


You could see the 27-headed Lernaean hydra, 4 swamp dragons, a lindwurm, a bog
body, 2 swamp drakes and a vampire mosquito.

Vanquished Creatures
  A thorn hunter (Swamp:4)
  A fire dragon (Lair:6)
  12 hydras
  2 ghost crabs
  Erica (Lair:1)
  10 alligators
  A two-headed ogre (D:13)
  A spriggan druid (Swamp:4)
  2 swamp dragons (Swamp:4)
  2 deep elf magi
  An orc knight (D:11)
  A cyclops (D:12)
  A centaur zombie (D:11)
  2 black mambas
  Joseph (D:10)
  15 spiny frogs
  4 rime drakes
  2 kobold demonologists (D:11)
  9 komodo dragons
  2 trolls
  2 hornets
  A polar bear (Lair:5)
  A raiju (D:10)
  9 blink frogs
  6 dream sheep
  6 tyrant leeches
  8 slime creatures
  4 bog bodies
  9 hippogriffs
  A wyvern (Lair:1)
  3 basilisks
  Sigmund (D:5)
  A vampire (D:11)
  28 yaks
  12 vampire mosquitoes
  4 swamp worms
  Edmund (D:4)
  12 insubstantial wisps
  3 acid dragons
  5 water moccasins
  11 porcupines
  5 swamp drakes
  2 black bears
  2 sky beasts
  8 orc warriors
  3 ice beasts
  4 boggarts (Lair:5)
  5 ogres
  6 wolves
  17 centaurs
  16 crocodiles
  5 big kobolds
  Blork the orc (D:5)
  11 bullfrogs
  A wyvern skeleton (D:9)
  A scorpion (D:12)
  13 killer bees
  A troll zombie (D:8)
  12 wights
  2 howler monkeys
  An electric eel (Lair:2)
  4 crimson imps
  5 hounds
  A jelly (D:11)
  4 human zombies (D:8)
  12 orc wizards
  5 orc priests
  3 centaur skeletons
  A bullfrog skeleton (D:5)
  5 iguanas
  2 human skeletons (D:8)
  6 worker ants
  4 hell rats (Lair:6)
  2 hound zombies
  2 mummies (D:8)
  A worker ant zombie (D:6)
  Robin (D:1)
  4 gnolls
  12 adders
  2 shadow imps
  An ooze (D:4)
  2 adder skeletons
  3 leopard geckos
  48 orcs
  3 ball pythons (D:5)
  7 giant cockroaches
  11 goblins
  14 hobgoblins
  12 jackals
  8 quokkas
  A ball python skeleton (D:5)
  8 bats
  A frilled lizard (D:4)
  12 kobolds
  A leopard gecko zombie (D:6)
  An orc zombie (D:8)
  A rat (D:3)
  5 fungi
  2 plants
532 creatures vanquished.

Vanquished Creatures (collateral kills)
  Gastronok (D:9)
  2 hydras
  3 alligators
  Nergalle (D:10)
  A swamp dragon (Lair:6)
  A komodo dragon (Lair:6)
  2 tyrant leeches
  4 hornets
  2 blink frogs (Lair:6)
  A bog body (Swamp:1)
  5 spriggans
  3 yaks (Lair:6)
  2 vampire mosquitoes (Swamp:4)
  2 insubstantial wisps
  An acid dragon (Lair:6)
  A swamp drake (Lair:6)
  2 phantoms (D:9)
  3 wights (D:9)
  2 orcs
  A plant (Lair:6)
40 creatures vanquished.

Vanquished Creatures (others)
  A swamp worm (Swamp:2)
  A swamp drake (Swamp:2)
  A bullfrog (D:12)
  2 killer bees (D:12)
  3 briar patches (Swamp:4)
  6 fungi
  4 plants (Lair:6)
18 creatures vanquished.

Grand Total: 590 creatures vanquished

Notes
Turn   | Place    | Note
-------+----------+-------------------------------------------
     0 | D:1      | dstrtnsr the Deep Dwarf Fighter began the quest for the Orb.
     0 | D:1      | Reached XP level 1. HP: 20/20 MP: 1/1
    40 | D:1      | Reached XP level 2. HP: 27/27 MP: 2/2
    87 | D:2      | Noticed Robin
   107 | D:1      | Killed Robin
   107 | D:1      | Reached XP level 3. HP: 23/33 MP: 3/3
   126 | D:2      | Found a snail-covered altar of Cheibriados.
   131 | D:2      | Found a sacrificial altar of Ru.
   155 | D:2      | Found a shattered altar of Ashenzari.
   308 | D:2      | Found a deep blue altar of Sif Muna.
   355 | D:2      | Found a bloodstained altar of Trog.
   377 | D:2      | Found a shimmering altar of Xom.
   630 | D:3      | Reached XP level 4. HP: 31/42 MP: 3/3
   975 | D:3      | Reached XP level 5. HP: 47/49 MP: 3/3
  1015 | D:4      | HP: 12/49 [orc priest/divine providence (15)]
  1031 | D:4      | Got a pair of polished boots
  1042 | D:4      | Identified the +1 pair of boots of Faxzufok {Stlth+} (You found it on level 4 of the Dungeon)
  1080 | D:4      | Reached XP level 6. HP: 43/57 MP: 4/4
  1093 | D:4      | Reached skill level 5 in Axes
  1226 | D:4      | Noticed Edmund
  1241 | D:4      | HP: 18/57 [Edmund/dire flail of venom (5)]
  1245 | D:4      | Killed Edmund
  1270 | D:4      | Reached XP level 7. HP: 46/64 MP: 5/5
  1292 | D:4      | Got a slimy turquoise ring
  1302 | D:4      | Noticed VDreamerV's ghost (novice FoBe)
  1312 | D:3      | Identified the ring "Lotile" {*Tele Str+3} (You found it on level 4 of the Dungeon)
  1580 | D:4      | HP: 24/64 [VDreamerV's ghost (9)]
  1868 | D:4      | Found an ornate altar of the Wu Jian Council.
  1891 | D:4      | HP: 17/64 [ogre/giant club (21)]
  1893 | D:4      | Reached skill level 5 in Armour
  1893 | D:4      | Reached skill level 5 in Shields
  1988 | D:5      | Entered Level 5 of the Dungeon
  2096 | D:5      | Noticed Sigmund
  2109 | D:5      | HP: 25/64 [poisoned by Sigmund]
  2117 | D:5      | HP: 21/64 [something (6)]
  2120 | D:5      | HP: 9/64 [poisoned by Sigmund]
  2121 | D:5      | HP: 2/64 [poisoned by Sigmund]
  2127 | D:5      | HP: 23/64 [poisoned by Sigmund]
  2132 | D:5      | HP: 11/64 [poisoned by Sigmund]
  2417 | D:5      | HP: 25/66 [Sigmund/scythe of venom (5)]
  2425 | D:5      | Killed Sigmund
  2535 | D:5      | Found a white marble altar of Elyvilon.
  2539 | D:5      | Found a glowing golden altar of the Shining One.
  2540 | D:5      | Found a glowing silver altar of Zin.
  2612 | D:5      | Noticed Blork the orc
  2617 | D:5      | HP: 14/66 [Blork the orc/hand axe of electrocution (14)]
  2622 | D:5      | HP: 25/66 [Blork the orc/hand axe of electrocution (11)]
  2626 | D:5      | HP: 7/66 [something (14)]
  2630 | D:5      | Killed Blork the orc
  2696 | D:5      | HP: 26/66 [something (1)]
  2709 | D:5      | HP: 18/66 [sky beast (4)]
  2716 | D:5      | Reached XP level 8. HP: 38/73 MP: 4/4
  2915 | D:6      | Found a staircase to the Ecumenical Temple.
  2921 | D:6      | HP: 29/73 [ogre/giant spiked club (9)]
  2923 | D:6      | HP: 14/73 [ogre/giant spiked club (15)]
  2928 | Temple   | Entered the Ecumenical Temple
  2950 | Temple   | Became a worshipper of Makhleb the Destroyer
  2984 | D:6      | Found a shadowy altar of Dithmenos.
  3004 | D:6      | HP: 29/73 [ice beast (8)]
  3025 | D:6      | HP: 23/73 [wight/morningstar (1)]
  3035 | D:6      | Reached skill level 1 in Invocations
  3037 | D:6      | HP: 21/73 [wight/long sword (2)]
  3048 | D:6      | Reached skill level 5 in Fighting
  3048 | D:6      | Reached skill level 2 in Invocations
  3058 | D:6      | HP: 28/74 [wight/long sword (7)]
  3073 | D:6      | HP: 22/74 [worker ant zombie (3)]
  3118 | D:7      | Reached skill level 3 in Invocations
  3189 | D:7      | HP: 13/74 [ogre/giant spiked club (17)]
  3209 | D:7      | Found a stormy altar of Qazlal.
  3256 | D:7      | Reached skill level 4 in Invocations
  3257 | D:7      | Gained mutation: You passively map the area around you. [Deep Dwarf growth]
  3257 | D:7      | Reached XP level 9. HP: 53/81 MP: 5/7
  3288 | D:7      | Reached * piety under Makhleb
  3340 | D:7      | Reached skill level 5 in Invocations
  3503 | D:8      | Found a basalt altar of Yredelemnul.
  3749 | D:7      | Reached skill level 6 in Invocations
  3773 | D:7      | Reached ** piety under Makhleb
  3873 | D:7      | Found a blossoming altar of Fedhas.
  4328 | D:9      | Reached skill level 7 in Invocations
  4330 | D:9      | Noticed Gastronok
  4338 | D:8      | Reached XP level 10. HP: 51/91 MP: 9/9
  4346 | D:9      | HP: 33/91 [orc priest/divine providence (7)]
  4351 | D:8      | HP: 35/91 [orc warrior/trident (11)]
  4390 | D:9      | Found a staircase to the Orcish Mines.
  4395 | D:9      | Found Qualof's Weapon Shop.
  4457 | D:9      | Noticed a deep elf mage
  4465 | D:9      | Reached skill level 8 in Invocations
  4480 | D:9      | Killed a deep elf mage
  4480 | D:9      | Reached skill level 10 in Axes
  4583 | D:9      | Reached *** piety under Makhleb
  4592 | D:9      | Found Zanotusm's Antique Armour Boutique.
  4609 | D:9      | Bought a pair of embroidered gloves for 142 gold pieces
  4729 | D:9      | Killed Gastronok
  4729 | D:9      | Reached skill level 9 in Invocations
  4774 | D:9      | HP: 35/92 [phantom (6)]
  4932 | D:9      | Found an ancient bone altar of Kikubaaqudgha.
  5280 | D:10     | Entered Level 10 of the Dungeon
  5393 | D:10     | Reached XP level 11. HP: 58/99 MP: 12/12
  5403 | D:10     | Noticed Sonja
  5405 | D:10     | Noticed Sonja
  5405 | D:10     | Sonja changed into Sonja the raiju
  5406 | D:10     | HP: 35/99 [Sonja the raiju/living lightning (17)]
  5419 | D:10     | HP: 32/99 [Sonja the raiju (5)]
  5423 | D:10     | Killed Sonja the raiju
  5912 | D:10     | Noticed Joseph
  5927 | D:10     | Killed Joseph
  6007 | D:10     | Reached skill level 10 in Invocations
  6027 | D:10     | Noticed Nergalle
  6035 | D:10     | Killed Nergalle
  6764 | D:11     | Reached **** piety under Makhleb
  6800 | D:11     | Noticed an orc knight
  6808 | D:11     | Killed an orc knight
  6897 | D:11     | Noticed a sun demon
  7031 | D:12     | Noticed a deep elf mage
  7039 | D:12     | Killed a deep elf mage
  7050 | D:12     | Got a crude hunting sling
  7079 | D:12     | Reached skill level 11 in Invocations
  7079 | D:12     | HP: 40/100 [slime creature (9)]
  7631 | D:13     | Noticed a two-headed ogre
  7642 | D:13     | HP: 26/100 [two-headed ogre/giant spiked club (18)]
  7644 | D:13     | Killed a two-headed ogre
  7782 | D:11     | HP: 40/100 [big kobold/hand axe of flaming (2)]
  7800 | D:11     | HP: 39/100 [yak (15)]
  7801 | D:11     | Reached ***** piety under Makhleb
  7817 | D:11     | Reached XP level 12. HP: 71/110 MP: 13/13
  8164 | D:11     | Found a staircase to the Lair.
  8368 | Lair:1   | Entered Level 1 of the Lair of Beasts
  8408 | Lair:1   | Reached skill level 12 in Invocations
  8709 | Lair:1   | Noticed Erica
  8728 | Lair:1   | Killed Erica
  8870 | Lair:1   | Found a labyrinth entrance.
  8986 | Lair:2   | Found a hole to the Spider Nest.
  9152 | Lair:2   | Noticed a four-headed hydra
  9159 | Lair:2   | Killed a one-headed hydra
  9545 | Lair:3   | Reached skill level 13 in Invocations
  9551 | Lair:3   | Reached skill level 10 in Armour
  9551 | Lair:3   | Reached skill level 10 in Shields
 10000 | Lair:3   | Found a staircase to the Swamp.
 10066 | Lair:3   | Noticed a five-headed hydra
 10079 | Lair:3   | Killed a one-headed hydra
 10306 | Lair:4   | Noticed a seven-headed hydra
 10321 | Lair:4   | Killed a one-headed hydra
 10321 | Lair:4   | Reached XP level 13. HP: 79/118 MP: 16/16
 10909 | Lair:5   | Found a staircase to the Slime Pits.
 10910 | Lair:5   | Found a viscous altar of Jiyva.
 11106 | Lair:5   | Reached skill level 14 in Invocations
 11574 | Slime:1  | Entered Level 1 of the Pits of Slime
 11594 | Lair:6   | Entered Level 6 of the Lair of Beasts
 12264 | Lair:6   | Noticed a fire dragon
 12273 | Lair:6   | Killed a fire dragon
 12483 | Swamp:1  | Entered Level 1 of the Swamp
 12518 | Swamp:1  | HP: 47/121 [ghost crab (4)]
 12577 | Swamp:1  | HP: 43/121 [alligator[an alligator] (6)]
 12581 | Swamp:1  | HP: 13/121 [alligator[an alligator] (17)]
 12657 | Swamp:1  | Reached skill level 15 in Invocations
 12722 | Swamp:1  | Gained mutation: You resist negative energy. (rN+) [Deep Dwarf growth]
 12722 | Swamp:1  | Reached XP level 14. HP: 110/129 MP: 18/18
 12806 | Swamp:1  | HP: 41/129 [spriggan rider/spear (13)]
 12808 | Swamp:1  | HP: 20/129 [four-headed hydra (1)]
 13088 | Swamp:2  | HP: 48/129 [16-headed hydra (9)]
 13194 | Swamp:3  | HP: 49/129 [tyrant leech (17)]
 13199 | Swamp:3  | HP: 37/129 [tyrant leech (12)]
 13206 | Swamp:3  | HP: 24/129 [tyrant leech (8)]
 13303 | Swamp:4  | Entered Level 4 of the Swamp
 13342 | Swamp:4  | Reached ****** piety under Makhleb
 13427 | Swamp:4  | HP: 47/130 [blizzard demon/bolt of cold[the player character] (9)]
 13428 | Swamp:4  | Reached skill level 15 in Axes
 13434 | Swamp:4  | HP: 30/130 [blizzard demon/bolt of cold[the player character] (14)]
 13439 | Swamp:4  | HP: 35/130 [tyrant leech (3)]
 13453 | Swamp:4  | Noticed a thorn hunter
 13457 | Swamp:4  | HP: 35/130 [bog body/bolt of cold (6)]
 13462 | Swamp:4  | HP: 2/130 [thorn hunter/volley of thorns (29)]
 13478 | Swamp:4  | Killed a thorn hunter
 13671 | Swamp:4  | HP: 51/130 [swamp dragon] (3)]
 13672 | Swamp:4  | Reached skill level 16 in Invocations
 13707 | Swamp:4  | Noticed the 27-headed Lernaean hydra
 13709 | Swamp:4  | Reached skill level 10 in Fighting
 13714 | Swamp:4  | HP: 50/132 [the 27-headed Lernaean hydra (3)]
 13715 | Swamp:4  | HP: 21/132 [the 27-headed Lernaean hydra (5)]
 13715 | Swamp:4  | HP: 9/132 [the 27-headed Lernaean hydra (2)]
 13716 | Swamp:4  | HP: 4/132 [the 27-headed Lernaean hydra (1)]
 13716 | Swamp:4  | Slain by the 27-headed Lernaean hydra

Vault maps used:
D:1:      eino_arrival_druids_welcome, columned_hall_lemuel, minmay_pentomino_s4
D:2:      old_standard_altar, lemuel_blue_sif_altar,
          nicolae_overflow_hidden_temple, grunt_temple_overflow_open,
          uniq_terence, uniq_robin
D:4:      overflow_temple_1_default, uniq_edmund
D:5:      good_gods_temple_1, first_ration, saegor_snake_ambush,
          uniq_blork_the_orc, uniq_sigmund
D:6:      overflow_temple_1_default, minmay_temple_entry_junction,
          gup_sewer_entry_bowl
D:7:      grunt_temple_overflow_forces_of_nature, grunt_decor_resistance,
          kennysheep_generic_room_3
D:8:      lemuel_mausoleum_altar_yredelemnul
D:9:      hangedman_cross_stitches, lemuel_round_altar, orc_david_3,
          serial_shops, shop, uniq_gastronok
D:10:     uniq_joseph, uniq_nergalle, uniq_sonja
D:11:     cheibrodos_orc_bank, erik_lair_dragon, hangedman_ranch, centaur_isle
D:12:     lemuel_another_geyser
D:13:     erik_vaults_1, serial_shops, shop
Temple:   corrupted_temple
Lair:1:   lab_entry_generic, uniq_erica
Lair:2:   dummy_spider_entry, serial_bayou_shore_b, infiniplex_staircase_pool,
          minmay_lair_oklob_chamber
Lair:3:   swamp_mist, grunt_forest_small_clearing_treed
Lair:4:   st_stairs_3
Lair:5:   slime_altar_1, kilobyte_rumbling_trees
Lair:6:   guppyfry_lair_end_dragon
Swamp:1:  evilmike_swamp_ruin_rubble_1, swamp_pool5
Swamp:2:  evilmike_swamp_ruin_house_1, nicolae_swamp_fairy_circle
Swamp:3:  portal_ice_cave_entry_dragon, evilmike_swamp_ruin_rubble_2
Swamp:4:  swamp_alternative

Skill      XL: |  1  2  3  4  5  6  7  8  9 10 11 12 13 14 |
---------------+-------------------------------------------+-----
Axes           | 3 4 5 6 8 9 10 12 13 14 15 | 15.3
Fighting       | 3 4 5 6 7 8 9 10 | 10.0
Armour         | 4 5 6 7 8 9 10 11 | 11.7
Shields        | 4 5 6 7 8 9 10 11 | 11.7
Invocations    | 4 7 9 11 13 15 16 | 16.1

Action                   |  1- 3 |  4- 6 |  7- 9 | 10-12 | 13-15 || total
-------------------------+-------+-------+-------+-------+-------++-------
Melee: War axe           |    70 |   123 |   239 |   654 |   641 ||  1727
       Hand axe          |       |       |   247 |    28 |    53 ||   328
Invok: Lesser Servant of |       |       |       |     4 |    20 ||    24
       Greater Servant o |       |       |       |       |     3 ||     3
 Abil: Heal Wounds       |     1 |     3 |    15 |     7 |    15 ||    41
Evoke: Wand              |       |       |       |     2 |       ||     2
       Phial of floods   |       |       |       |       |     2 ||     2
  Use: Scroll            |       |     4 |     7 |     8 |     9 ||    28
       Potion            |       |       |     1 |     1 |     9 ||    11
 Stab: Distracted        |       |       |     2 |     1 |     6 ||     9
       Sleeping          |       |       |       |     2 |       ||     2
       Confused          |       |       |       |       |     1 ||     1
  Eat: Chunk             |       |     2 |    10 |    19 |    13 ||    44
Armor: Scale mail        |    49 |    57 |   170 |   124 |       ||   400
       Plate armour      |       |       |       |   162 |   565 ||   727
Dodge: Dodged            |    27 |    47 |   124 |   141 |   226 ||   565
Block: Shield            |    62 |    81 |   245 |   394 |   500 ||  1282

Table legend:
 A = Spawn XP
 B = Non-spawn XP
 C = Spawn XP percentage of total XP
 D = Spawn monster count
 E = Non-spawn monster count
 F = Spawn count percentage of total count
 G = Total turns spent on level
                    A         B        C        D         E        F      G
               +---------+---------+-------+---------+---------+-------+---------
         Total |       0 |   91479 |   0.0 |       0 |     566 |   0.0 | 13716
               +---------+---------+-------+---------+---------+-------+---------
           D:1 |       0 |      38 |   0.0 |       0 |       7 |   0.0 |   114
           D:2 |       0 |      32 |   0.0 |       0 |      20 |   0.0 |   619
           D:3 |       0 |     222 |   0.0 |       0 |      25 |   0.0 |   770
           D:4 |       0 |     576 |   0.0 |       0 |      17 |   0.0 |   485
           D:5 |       0 |     675 |   0.0 |       0 |      18 |   0.0 |   782
           D:6 |       0 |     629 |   0.0 |       0 |      18 |   0.0 |   302
           D:7 |       0 |    1940 |   0.0 |       0 |      32 |   0.0 |   608
           D:8 |       0 |    2132 |   0.0 |       0 |      34 |   0.0 |   645
           D:9 |       0 |    4467 |   0.0 |       0 |      49 |   0.0 |   916
          D:10 |       0 |    2416 |   0.0 |       0 |      14 |   0.0 |  1064
          D:11 |       0 |    6384 |   0.0 |       0 |      67 |   0.0 |  1308
          D:12 |       0 |    2995 |   0.0 |       0 |      25 |   0.0 |   701
          D:13 |       0 |     877 |   0.0 |       0 |       1 |   0.0 |    15
        Lair:1 |       0 |    5433 |   0.0 |       0 |      19 |   0.0 |   527
        Lair:2 |       0 |    3395 |   0.0 |       0 |      14 |   0.0 |   628
        Lair:3 |       0 |    4595 |   0.0 |       0 |      18 |   0.0 |   678
        Lair:4 |       0 |    4966 |   0.0 |       0 |      21 |   0.0 |   701
        Lair:5 |       0 |    6515 |   0.0 |       0 |      28 |   0.0 |   763
        Lair:6 |       0 |    9166 |   0.0 |       0 |      42 |   0.0 |   816
       Swamp:1 |       0 |   11446 |   0.0 |       0 |      31 |   0.0 |   467
       Swamp:2 |       0 |    3367 |   0.0 |       0 |      10 |   0.0 |   224
       Swamp:3 |       0 |    3663 |   0.0 |       0 |      17 |   0.0 |   146
       Swamp:4 |       0 |   15550 |   0.0 |       0 |      39 |   0.0 |   396
               +---------+---------+-------+---------+---------+-------+---------
